[Event "*** Titled Tuesday 3|2 Blitz"]
[Site "Chess.com"]
[Date "2016.02.02"]
[Round "7"]
[White "MasterLeif"]
[Black "GianmarcoVaR"]
[Result "1/2-1/2"]
[WhiteElo "2319"]
[BlackElo "2233"]
[TimeControl "180+2"]
[EndTime "12:33:18 PST"]
[Termination "Game drawn by repetition"]

1. e4 c6 2. d4 d5 3. e5 Bf5 4. h4 h5 5. c4 e6 6. Nc3 Nd7 7. Nge2 dxc4 8. Ng3 Bd3 9. Bxd3 cxd3 10. Bg5 Be7 11. Nge4 f6 12. exf6 gxf6 13. Be3 Nh6 14. Qxh5+ Nf7 15. Qg6 Nf8 16. Qg3 f5 17. Nc5 Bxc5 18.
dxc5 e5 19. O-O-O Qf6 20. Rxd3 f4 21. Qf3 Rxh4 22. Rhd1 Ng5 23. Ne4 Nxe4 24. Qxe4 fxe3 25. Qxe3 Qf4 26. g3 Qxe3+ 27. Rxe3 Rc4+ 28. Kb1 Rxc5 29. f4 Kf7 30. fxe5 Re8 31. Rde1 Ng6 32. e6+ Kg7 33. Rf3 Re5 34. Rf7+ Kg8 35. Rxe5 Nxe5 36. Rxb7 a5 37. Ra7 Rxe6 38. Rxa5 Kf7 39. Kc2 Ke7 40. a4 Kd6 41. Ra8 Rg6 42. a5 Kc5 43. a6 Kb6 44. a7 Ng4 45. Kd2 Kb7 46. Rc8 Kxa7 47. Ke2 Kb6 48. Kf3 Ne5+ 49. Kf4 Nd3+ 50. Ke3 Rxg3+ 51. Kd4 Nxb2 52. Rb8+ Kc7 53. Rxb2 Kd6 54.
Rh2 Rg4+ 55. Kc3 Kc5 56. Rh5+ Kb6 57. Rh3 Kb5 58. Kc2 Kb4 59. Kb2 c5 60. Kc2 Rg2+ 61. Kc1 c4 62. Kb1 Rg1+ 63. Kc2 Ra1 64. Kb2 Rd1 65. Kc2 Rf1 66. Kb2 Rf2+ 67. Kc1 c3 68. Rh8 Kb3 69. Rb8+ Kc4 70. Rc8+ Kb4 71. Rb8+ Ka3 72.
Ra8+ Kb3 73. Rb8+ Kc4 74. Rc8+ Kd3 75. Rd8+ Kc4 76. Rc8+ Kd3 77. Rd8+ Kc4 78. Rc8+ 1/2-1/2

[Event "*** Titled Tuesday 3|2 Blitz"]
[Site "Chess.com"]
[Date "2016.02.02"]
[Round "7"]
[White "DanielRensch"]
[Black "KyronGriffith"]
[Result "1/2-1/2"]
[WhiteElo "2335"]
[BlackElo "2261"]
[TimeControl "180+2"]
[EndTime "12:33:25 PST"]
[Termination "Game drawn by repetition"]

1. e4 c5 2. Nf3 d6 3. d4 cxd4 4. Nxd4 Nf6 5. Nc3 a6 6. Be3 e5 7. Nb3 Be6 8. f3 Be7 9. Qd2 O-O 10. O-O-O Nbd7 11. g4 b5 12. g5 b4 13. gxf6 bxc3 14. Qxc3 Nxf6 15. Na5 Qd7 16. Nc6 Rfc8 17. Nxe7+ Qxe7 18. Qa3 Qc7 19. Bd3 d5 20. Bg5 dxe4 21. fxe4 Nh5 22.
Rhg1 Nf4 23. Kb1 Nh3 24. Bf6 Nxg1 25. Rxg1 g6 26. Rg5 Re8 27. h4 h6 28. Rg3 Qb6 29.
Qc3 Bxa2+ 30. Kxa2 Qxf6 31. h5 g5 32. Bc4 Rac8 33.
Rf3 Rxc4 34. Rxf6 Rxc3 35. bxc3 Re6 36. Rf3 Rc6 37. Kb3 Kf8 38. c4 Ke7 39. Kb4 Ke6 40.
c5 Rc8 41. Kc4 g4 42. Rb3 Kf6 43. Kd5 Kg5 44. c6 Kf4 45. Rb7 f6 46. Rf7 g3 47.
Rxf6+ Ke3 48. Kxe5 Rg8 49. Rg6 Rxg6 50. hxg6 g2 51. c7 g1=Q 52. c8=Q Qxg6 53. Qh3+ Kd2 54. Qh2+ Kc3 55. Qe2 a5 56. Qd3+ Kb2 57. Qb3+ Kc1 58. c4 Qg5+ 59. Kd6 Qd8+ 60. Kc5 Qc7+ 61. Kb5 Qb7+ 62.
Ka4 Qxe4 63. Kxa5 Qe5+ 64. Qb5 Qc7+ 65. Kb4 Qe7+ 66. c5 h5 67. Qc4+ Kd2 68. Qd5+ Kc2 69. Qxh5 Qe4+ 70. Kb5 Qb7+ 71. Kc4 Qe4+ 72. Kb5 Qb7+ 73.
Ka5 Qa7+ 74. Kb4 Qb7+ 75. Ka5 Qa7+ 76. Kb5 Qb7+ 77. Ka5 Qa7+ 78. Kb5 Qb7+ 1/2-1/2

[Event "*** Titled Tuesday 3|2 Blitz"]
[Site "Chess.com"]
[Date "2016.02.02"]
[Round "7"]
[White "BahadirOzen"]
[Black "tac49"]
[Result "0-1"]
[WhiteElo "2507"]
[BlackElo "2478"]
[TimeControl "180+2"]
[EndTime "12:33:26 PST"]
[Termination "tac49 won by resignation"]

1. d4 Nf6 2. Nf3 g6 3. c3 Bg7 4. Bf4 O-O 5. h3 d6 6. Nbd2 Nbd7 7. e3 b6 8. Bh2 Bb7 9. Be2 e5 10. O-O Re8 11. a4 a6 12. Nc4 Ne4 13. Qc2 Ng5 14.
Ncd2 e4 15. Nxg5 Qxg5 16. b4 h5 17. a5 b5 18. c4 bxc4 19. Nxc4 Nf6 20. Na3 Nd5 21.
b5 axb5 22. Nxb5 Ba6 23. Bc4 Rab8 24. Bxd5 Bxb5 25. Bc4 Bxc4 26. Qxc4 Rec8 27. a6 Ra8 28. a7 c5 29. Ra5 d5 30. Qb5 cxd4 31. Bb8 dxe3 32. Qb7 exf2+ 33. Kh1 Raxb8 34. Qxb8 Rxb8 35. axb8=Q+ Kh7 36. Qb1 e3 37. Qd3 Qf4 38. Rxd5 Be5 39. Rxe5 Qxe5 40. Qe2 Qf4 41. Rd1 Kh6 42. Ra1 g5 43. Ra6+ f6 44. Ra1 g4 45. Rb1 gxh3 46. gxh3 Qe4+ 47. Kh2 Qxb1 48. Qxe3+ Kg6 49. Qxf2 Qf5 50.
Qg3+ Qg5 51. Qd3+ Qf5 52. Qg3+ Kh7 53. Qc7+ Kh6 54. Qc1+ Qg5 55. Qc7 Qe5+ 56. Qxe5 fxe5 57. Kg3 Kg5 58. Kf3 h4 59. Ke4 Kf6 60. Ke3 Kf5 61.
Kf3 e4+ 62. Ke3 Ke5 63. Ke2 Kf4 64. Kf2 e3+ 65. Ke2 Ke4 66. Ke1 Kf3 67. Kf1 Kg3 68. Ke2 Kxh3 0-1

[Event "*** Titled Tuesday 3|2 Blitz"]
[Site "Chess.com"]
[Date "2016.02.02"]
[Round "7"]
[White "HansCoolNiemann"]
[Black "chessloveyou"]
[Result "0-1"]
[WhiteElo "2218"]
[BlackElo "2114"]
[TimeControl "180+2"]
[EndTime "12:37:10 PST"]
[Termination "chessloveyou won by checkmate"]

1. d4 Nf6 2. c4 e6 3. Nc3 Bb4 4. Bg5 h6 5. Bh4 O-O 6. e3 c5 7.
d5 exd5 8. cxd5 d6 9. Ne2 Nbd7 10.
a3 Ba5 11. Rb1 Re8 12. b4 Bb6 13. Nc1 Nf8 14. Be2 Ng6 15. Bg3 Bf5 16. Rb2 Rc8 17. Na4 cxb4 18. axb4 Bc7 19. O-O a6 20. b5 h5 21. h3 Ne4 22. Bh2 Nh4 23. f3 Qg5 24. Bd3 Ng3 25. Bxg3 Qxg3 26. Bxf5 Nxf5 27. e4 Ne3 28.
Qe1 Nxf1 29. Qxf1 f5 30. bxa6 bxa6 31. Ne2 Qh4 32. Nec3 Ba5 33. Rb3 Bxc3 34. Nxc3 Qf6 35. Qd3 fxe4 36. Nxe4 Rc1+ 37. Kh2 Qe5+ 38. g3 h4 39. Qd2 hxg3+ 40. Nxg3 Qe1 41. Qxe1 Rexe1 42. Rb8+ Kh7 43. Rb6 Rc2+ 44. Ne2 Rexe2+ 45. Kg3 a5 46. Kf4 a4 47. Rxd6 a3 48. Ra6 a2 49. d6 Re1 50.
d7 Rd1 51. Ra7 Rxd7 52. Ra6 Rd4+ 53. Kg5 Rd1 54. h4 a1=Q 55. Rxa1 Rxa1 56. h5 Ra6 57. f4 Rcc6 58. f5 Rh6 59. Kg4 Raf6 60. Kg5 Kg8 61. Kg4 Kf7 62. Kg5 Ke8 63. Kg4 Kd7 64.
Kg5 Kd6 65. Kg4 Kc5 66. Kf4 Kb4 67. Kg5 Ka3 68. Kf4 Ka2 69. Kg4 Ka1 70. Kg5 Kb2 71. Kg4 Kc3 72. Kf4 Rxh5 73. Kg4 Rhh6 74. Kg3 Kb4 75.
Kg4 Ka5 76. Kf4 Ka6 77. Ke5 Ka7 78. Ke4 Ka8 79. Ke5 Kb7 80. Ke4 Kc6 81. Ke5 Kc5 82. Ke4 Kc4 83. Ke5 Kc3 84. Kf4 Kd2 85. Ke4 Ke2 86.
Kf4 Kf2 87. Kg4 Kg2 88. Kf4 Kh1 89. Kg4 Kg1 90. Kf4 Kf1 91. Kg4 Ke1 92. Kf4 Kd1 93.
Ke4 Kc1 94. Kf4 Kb1 95. Ke4 Rh4+ 96. Ke5 Rh5 97. Ke4 Rg5 98. Ke5 Rgxf5+ 99. Ke4 g6 100. Ke3 Kb2 101. Ke2 Kb3 102. Kd2 Kb4 103. Kd3 Kc5 104. Ke4 Kc4 105. Ke3 Kd5 106. Ke2 Rf3 107. Kd2 R6f4 108.
Ke2 Ke4 109. Kd2 Ke5 110. Ke2 Kf5 111. Ke1 Rf2 112. Kd1 g5 113. Ke1 Ke4 114. Kd1 Ke5 115. Ke1 Kd5 116. Kd1 Ke6 117. Ke1 Kf7 118. Kd1 Ke8 119. Ke1 Kf8 120. Kd1 Kg8 121. Ke1 Kh8 122. Kd1 Kh7 123. Ke1 Kh6 124. Kd1 Kg7 125. Ke1 Kf8 126. Kd1 Ke8 127. Ke1 Kd8 128. Kd1 Kc8 129. Ke1 Kb8 130. Kd1 Re4 131. Kc1 g4 132. Kd1 Ree2 133. Kc1 g3 134. Kd1 g2 135. Kc1 Kc7 136. Kd1 Kd6 137. Kc1 Rd2 138. Kb1 Kd5 139. Kc1 Kd4 140. Kb1 Kc3 141. Kc1 Rf1# 0-1

[Event "*** Titled Tuesday 3|2 Blitz"]
[Site "Chess.com"]
[Date "2016.02.02"]
[Round "7"]
[White "lionheart95"]
[Black "Dlugy"]
[Result "1/2-1/2"]
[WhiteElo "2283"]
[BlackElo "2561"]
[TimeControl "180+2"]
[EndTime "12:37:11 PST"]
[Termination "Game drawn by 50-move rule"]

1. e4 c5 2. Nf3 d6 3. d4 cxd4 4. Nxd4 Nf6 5. Nc3 Nc6 6. Bg5 e6 7. Qd2 a6 8. f3 h6 9. Be3 Nxd4 10. Qxd4 Qc7 11. O-O-O b5 12. g4 Bb7 13. h4 Rc8 14. Rh2 d5 15. e5 Nd7 16. f4 Bc5 17. Qd3 b4 18. Nb1 Qa5 19. f5 Nxe5 20. Qb3 Bxe3+ 21. Qxe3 Nxg4 22. Qg3 Qc7 23. Qxc7 Rxc7 24. Re2 Ke7 25.
Rd4 h5 26. fxe6 fxe6 27. Rxb4 Nf6 28. Nc3 Kf7 29. Bh3 Bc8 30. Rf4 Re8 31. Rf1 Kg8 32.
Re5 d4 33. Nd1 d3 34. c3 Rc4 35. Rf3 Rxh4 36. Rxd3 Re4 37. Rxe4 Nxe4 38. Re3 Ng5 39. Bg2 e5 40. a4 h4 41. b4 h3 42. Bh1 e4 43.
Nf2 Bf5 44. b5 axb5 45. axb5 Kf7 46. c4 Rc8 47. Rc3 e3 48. Rxe3 Rxc4+ 49. Kd2 Rb4 50.
Re5 Kf6 51. Rc5 Ne6 52. Rc3 Rb2+ 53. Ke1 Rxb5 54. Bc6 Rb1+ 55. Ke2 Rb2+ 56. Kf3 g5 57. Kg3 Nf4 58. Bf3 Rb1 59. Rc6+ Kg7 60. Rc5 Kf6 61. Rc6+ Ke7 62. Rc5 Be6 63. Rxg5 Rb4 64. Rg7+ Kf6 65.
Rh7 Bf5 66. Rh6+ Kg5 67. Rh8 Rb3 68. Rg8+ Ng6 69. Nxh3+ Bxh3 70. Kxh3 Rxf3+ 71. Kg2 Rb3 72. Kf2 Kf5 73. Ke2 Nf4+ 74. Kd2 Rd3+ 75. Kc2 Rd7 76. Rf8+ Ke4 77. Re8+ Kd4 78. Rg8 Rc7+ 79. Kd2 Ra7 80. Rd8+ Nd5 81. Ke2 Ra3 82. Kf2 Ke4 83. Re8+ Kf5 84. Rf8+ Nf6 85. Ke2 Ke5 86. Rh8 Rb3 87. Kd2 Ne4+ 88. Ke2 Rb6 89. Re8+ Kd4 90. Rd8+ Nd6 91. Kf3 Ke5 92. Ke2 Rb2+ 93. Kd3 Rb3+ 94. Ke2 Rh3 95. Kd2 Ne4+ 96. Ke2 Ra3 97. Re8+ Kd5 98. Rd8+ Nd6 99. Kd2 Kc5 100. Ke2 Nc4 101. Rc8+ Kd4 102. Rd8+ Ke4 103. Re8+ Ne5 104. Kd2 Rd3+ 105. Kc2 Rd7 106. Kc3 Rc7+ 107. Kd2 Ra7 108. Kc3 Kd5 109. Kd2 Nc4+ 110. Kc3 Ra3+ 111. Kb4 Rd3 112. Rh8 Rd4 113. Rh5+ Ne5+ 114. Kc3 Rd3+ 115. Kc2 Rg3 116. Rh8 Nc6 117.
Kd2 Ke4 118. Rh4+ Kd5 119. Rh8 Ne5 120. Rd8+ Ke4 121.
Re8 Rd3+ 122. Kc2 Rd7 123. Kc3 Rc7+ 124. Kd2 Rc4 125. Re7 Kd4 126. Re8 Nf3+ 127. Ke2 Rc3 128. Rd8+ Ke4 129. Re8+ Ne5 130. Kd2 Rd3+ 131. Kc2 Rd6 132. Rh8 Ke3 133. Re8 Kd4 134. Rh8 Rc6+ 135. Kd2 Nc4+ 136. Ke2 Re6+ 137. Kf2 Nd2 138. Rd8+ Kc3 139. Rc8+ Nc4 140. Kf3 Rf6+ 141. Ke2 Kd4 142. Rd8+ Ke4 143. Re8+ Ne5 144. Kd2 Rc6 145. Rh8 Nf3+ 1/2-1/2

[Event "*** Titled Tuesday 3|2 Blitz"]
[Site "Chess.com"]
[Date "2016.02.02"]
[Round "8"]
[White "jcgs1030"]
[Black "Saitama_Hero"]
[Result "0-1"]
[WhiteElo "2220"]
[BlackElo "2106"]
[TimeControl "180+2"]
[EndTime "12:40:23 PST"]
[Termination "Saitama_Hero won by resignation"]

1. e4 c5 2. Nf3 g6 3. d4 cxd4 4. Qxd4 Nf6 5. e5 Nc6 6. Qa4 Nd5 7. Qe4 Ndb4 8. a3 d5 9. Qe2 Qa5 10. Nc3 Bf5 11. axb4 Qxa1 12. Kd1 Bh6 13. Nd2 Nd4 0-1

[Event "*** Titled Tuesday 3|2 Blitz"]
[Site "Chess.com"]
[Date "2016.02.02"]
[Round "8"]
[White "madalin18"]
[Black "manubibi"]
[Result "0-1"]
[WhiteElo "2009"]
[BlackElo "2379"]
[TimeControl "180+2"]
[EndTime "12:41:33 PST"]
[Termination "manubibi won by resignation"]

1. e4 c5 2. Nf3 d6 3. d4 cxd4 4.
Nxd4 Nf6 5. Nc3 a6 6. Bg5 Nbd7 7. f4 b5 8. Qe2 e6 9. O-O-O Qc7 10. g4 Bb7 11.
Bg2 Be7 12. Bxf6 Nxf6 13. g5 Nd7 14. f5 Bxg5+ 15. Kb1 e5 16. Qh5 exd4 0-1

[Event "*** Titled Tuesday 3|2 Blitz"]
[Site "Chess.com"]
[Date "2016.02.02"]
[Round "8"]
[White "gumersindo"]
[Black "maciek_92"]
[Result "0-1"]
[WhiteElo "2230"]
[BlackElo "2453"]
[TimeControl "180+2"]
[EndTime "12:42:26 PST"]
[Termination "maciek_92 won by checkmate"]

1. d4 d5 2. c4 e6 3. Nc3 Bb4 4. cxd5 exd5 5. Nf3 Nf6 6. Bg5 h6 7. Bxf6 Qxf6 8. Qa4+ Nc6 9. e3 O-O 10.
Be2 Be6 11. O-O a6 12. Rfc1 Bd6 13. Qd1 g5 14. g3 Kg7 15. Na4 Ne7 16. Nc5 Bc8 17.
Nd3 Ng6 18. Rc3 c6 19. b4 h5 20. a4 h4 21. Rb1 Rh8 22. b5 axb5 23. axb5 hxg3 24.
hxg3 Qf5 25. Bf1 g4 26. Nfe1 Bd7 27. bxc6 bxc6 28. Nc5 Bxg3 29. fxg3 Rh1+ 30. Kxh1 Qxf1+ 31. Kh2 Rh8# 0-1

[Event "*** Titled Tuesday 3|2 Blitz"]
[Site "Chess.com"]
[Date "2016.02.02"]
[Round "8"]
[White "ftorodent"]
[Black "Hafez_Bakr"]
[Result "1-0"]
[WhiteElo "2322"]
[BlackElo "1753"]
[TimeControl "180+2"]
[EndTime "12:42:41 PST"]
[Termination "ftorodent won by resignation"]

1. d4 Nf6 2. c4 g6 3. Nc3 Bg7 4.
e4 d6 5. Nf3 O-O 6. Be2 e5 7.
O-O Nc6 8. d5 Ne7 9. Ne1 Ne8 10. Nd3 f5 11. Bd2 a6 12. Rc1 f4 13. c5 g5 14. a4 Rf6 15. a5 Rg6 16.
Bh5 Rh6 17. Bg4 Nf6 18. Bxc8 Rxc8 19. f3 Qe8 20. h3 Nh5 21. Be1 Ng6 22. Ne2 dxc5 23.
Nxc5 Qb5 24. Qd3 Qxd3 25. Nxd3 Nh4 26. Nc5 Rg6 27. Nxb7 Nf6 28. Bxh4 g4 29. hxg4 1-0

[Event "*** Titled Tuesday 3|2 Blitz"]
[Site "Chess.com"]
[Date "2016.02.02"]
[Round "8"]
[White "SabinoBrunello"]
[Black "Matibar"]
[Result "1/2-1/2"]
[WhiteElo "2584"]
[BlackElo "2558"]
[TimeControl "180+2"]
[EndTime "12:42:49 PST"]
[Termination "Game drawn by agreement"]

1. d4 Nf6 2. c4 e6 3. Nf3 Bb4+ 4. Bd2 c5 5. Bxb4 cxb4 6. e3 O-O 7. Be2 a5 8. O-O b6 9. a3 Na6 10. axb4 Nxb4 11.
Nc3 Bb7 12. Ne1 d5 13. cxd5 Nfxd5 14. Nxd5 Bxd5 15. Bf3 Rc8 16. Bxd5 Qxd5 17. Nd3 Nxd3 18. Qxd3 Rc4 19. Rad1 f5 20. f3 Rb4 21. Rd2 Rb3 22. Qe2 Qb5 23. Qxb5 Rxb5 24. Rc1 Rd8 25. Kf2 Rd7 26.
e4 fxe4 27. fxe4 Rb3 28. Ke2 Kf7 29. Rc6 a4 30. d5 exd5 31. exd5 b5 32. Rb6 1/2-1/2

[Event "*** Titled Tuesday 3|2 Blitz"]
[Site "Chess.com"]
[Date "2016.02.02"]
[Round "8"]
[White "Parthenope"]
[Black "ethylalcohol"]
[Result "0-1"]
[WhiteElo "1672"]
[BlackElo "1737"]
[TimeControl "180+2"]
[EndTime "12:43:11 PST"]
[Termination "ethylalcohol won by resignation"]

1. e4 e5 2. Nf3 Nc6 3. Bb5 Nf6 4. d3 d6 5. O-O Be7 6. c3 O-O 7.
Re1 Bg4 8. Nbd2 Nb8 9. Nf1 c6 10. Ba4 Nbd7 11. h3 Bh5 12. Ng3 Bg6 13. Nh4 d5 14. Nhf5 Nc5 15. Bc2 dxe4 16. dxe4 Qc7 17.
Bg5 Rad8 18. Qe2 Ne6 19. Nxe7+ Qxe7 20. Rad1 Nxg5 21. h4 Ne6 22. h5 Nf4 23. Qf3 N6xh5 24. Nxh5 Bxh5 25. g4 Qg5 0-1

[Event "*** Titled Tuesday 3|2 Blitz"]
[Site "Chess.com"]
[Date "2016.02.02"]
[Round "8"]
[White "amaidel"]
[Black "oggy1984"]
[Result "1-0"]
[WhiteElo "2407"]
[BlackElo "2183"]
[TimeControl "180+2"]
[EndTime "12:43:15 PST"]
[Termination "amaidel won on time"]

1. Nf3 Nf6 2. g3 g6 3. Bg2 Bg7 4. O-O O-O 5. d3 d5 6. Nbd2 c5 7. e4 Nc6 8. exd5 Nxd5 9. Ne4 b6 10. Re1 Bb7 11. Bd2 Bxb2 12. Rb1 Bg7 13. Nxc5 bxc5 14.
Rxb7 Nb6 15. Nh4 Qc8 16. Bxc6 Qxc6 17. Rexe7 Nd5 18. Red7 Rab8 19. Rxa7 Bc3 20. Bh6 Rfe8 21. Rxf7 Ra8 22. Qf3 Nf4 23. Bxf4 1-0

[Event "*** Titled Tuesday 3|2 Blitz"]
[Site "Chess.com"]
[Date "2016.02.02"]
[Round "8"]
[White "chessloveyou"]
[Black "lionheart95"]
[Result "1-0"]
[WhiteElo "2126"]
[BlackElo "2252"]
[TimeControl "180+2"]
[EndTime "12:43:16 PST"]
[Termination "chessloveyou won by resignation"]

1. d4 Nf6 2. Nf3 g6 3. g3 Bg7 4. Bg2 O-O 5. O-O d6 6. c4 Nc6 7. Nc3 a6 8. b3 Rb8 9. Bd2 b5 10. d5 Na7 11. a3 bxc4 12. bxc4 c5 13. Rb1 Bf5 14. Rxb8 Qxb8 15. Nh4 Bd7 16. Qc2 Qc7 17. Rb1 Rb8 18. Rxb8+ Qxb8 19. Nf3 Nc8 20. h3 Nb6 21. Qb3 Qc7 22. Ne1 Ne8 23. Nd3 e6 24. e4 Bd4 25.
Ne2 e5 26. Ba5 Qc8 27. Qxb6 Bxh3 28. Bxh3 Qxh3 29. Qd8 Kf8 30. Bc7 Qg4 31. Bxd6+ Kg7 32. Qxe8 Qxe2 33. Bf8+ 1-0

[Event "*** Titled Tuesday 3|2 Blitz"]
[Site "Chess.com"]
[Date "2016.02.02"]
[Round "8"]
[White "LADIESGET2KNOWME"]
[Black "the_drake"]
[Result "1-0"]
[WhiteElo "2306"]
[BlackElo "2006"]
[TimeControl "180+2"]
[EndTime "12:43:45 PST"]
[Termination "LADIESGET2KNOWME won by resignation"]

1. d4 d5 2. Nc3 Nf6 3. Bg5 e6 4.
e4 dxe4 5. Nxe4 Be7 6. Bxf6 Bxf6 7. Nf3 O-O 8. Bd3 Bxd4 9. c3 Bf6 10. Qc2 g6 11.
O-O-O Qe7 12. h4 h6 13. g4 Nc6 14. g5 Bg7 15. h5 hxg5 16. hxg6 f6 17. Rh7 Ne5 18.
Nxe5 fxe5 19. Rdh1 Rf6 20. Nxf6+ Qxf6 21. Qe2 e4 22. Bxe4 Qf4+ 23. Kb1 g4 24. Qd3 Bd7 25. Rxg7+ Kxg7 26. Qxd7+ Kf6 27. Qf7+ Ke5 28. Qxf4+ Kxf4 29. Bc2 Rg8 30. Rh7 Kf3 31. Rf7+ Kg2 32. g7 a5 33.
Bh7 Rxg7 34. Rxg7 Kxf2 35. Rxg4 1-0

[Event "*** Titled Tuesday 3|2 Blitz"]
[Site "Chess.com"]
[Date "2016.02.02"]
[Round "8"]
[White "GMVar"]
[Black "Tesla37"]
[Result "1-0"]
[WhiteElo "2710"]
[BlackElo "2572"]
[TimeControl "180+2"]
[EndTime "12:44:23 PST"]
[Termination "GMVar won by resignation"]

1. d4 Nf6 2. c4 e6 3. Nf3 d5 4. Nc3 Bb4 5. Qc2 O-O 6. Bd2 dxc4 7. e3 c5 8. a3 cxd4 9. axb4 dxc3 10. Bxc3 b5 11.
b3 cxb3 12. Qxb3 Bb7 13. Bxb5 Ne4 14. Be2 Nxc3 15. Qxc3 Qb6 16. O-O Rc8 17. Qa3 a6 18.
Ne5 Nc6 19. Nd7 Qc7 20. Rfd1 Rd8 21. Nc5 Qb6 22. Bf3 Rac8 23. Nxb7 Rxd1+ 24. Rxd1 Qxb7 25. Qc3 h6 26. Rc1 1-0

[Event "*** Titled Tuesday 3|2 Blitz"]
[Site "Chess.com"]
[Date "2016.02.02"]
[Round "8"]
[White "Zazuliak"]
[Black "Dlugy"]
[Result "0-1"]
[WhiteElo "2331"]
[BlackElo "2564"]
[TimeControl "180+2"]
[EndTime "12:44:23 PST"]
[Termination "Dlugy won by resignation"]

1. d4 Nf6 2. c4 g6 3. Nc3 Bg7 4.
e4 d6 5. Nf3 O-O 6. Be2 e5 7. O-O exd4 8. Nxd4 Re8 9. f3 c6 10. Kh1 Nbd7 11. Bf4 Nh5 12. Bxd6 Qf6 13. e5 Nxe5 14. Ne4 Qd8 15. c5 Nf4 16. Re1 b6 17.
Rc1 bxc5 18. Bxc5 Nxe2 19. Rxe2 Ba6 20. Rec2 Nd3 21. Nxc6 Qh4 22. Rd2 Nxc1 23. Qxc1 Bb7 24. Bf2 Qh6 25. Rc2 Qxc1+ 26. Rxc1 Rac8 27. Nd6 Rxc6 28. Rxc6 Bxc6 29. Nxe8 Bxe8 30. Bxa7 Bxb2 0-1

[Event "*** Titled Tuesday 3|2 Blitz"]
[Site "Chess.com"]
[Date "2016.02.02"]
[Round "8"]
[White "Smirnov_Pavel"]
[Black "HovmoellerHest"]
[Result "1-0"]
[WhiteElo "2533"]
[BlackElo "2185"]
[TimeControl "180+2"]
[EndTime "12:44:27 PST"]
[Termination "Smirnov_Pavel won by resignation"]

1. e4 c5 2. Nf3 d6 3. d4 cxd4 4. Nxd4 Nf6 5. Nc3 a6 6. Bg5 e6 7. f4 Be7 8. Qf3 Qc7 9. O-O-O Nbd7 10. g4 b5 11. Bxf6 Nxf6 12. g5 Nd7 13. f5 Bxg5+ 14. Kb1 Ne5 15. Qh5 Qd8 16. Nxe6 Bxe6 17. fxe6 g6 18.
exf7+ Kxf7 19. Qe2 Kg7 20. Nd5 Rf8 21. Bg2 Ra7 22. Qe1 Nc4 23. b3 Ne5 24. h4 Bf4 25. h5 g5 26. h6+ Kh8 27. Qb4 Rd7 28. Rhf1 Ng6 29. Bh3 Rdf7 30. Be6 Rb7 31. Nxf4 Nxf4 32. Rxd6 Nxe6 33. Rxd8 1-0

[Event "*** Titled Tuesday 3|2 Blitz"]
[Site "Chess.com"]
[Date "2016.02.02"]
[Round "8"]
[White "gmjoey1"]
[Black "AlexanderL"]
[Result "0-1"]
[WhiteElo "2479"]
[BlackElo "2589"]
[TimeControl "180+2"]
[EndTime "12:44:35 PST"]
[Termination "AlexanderL won by resignation"]

1. e4 e6 2. d4 d5 3. Nc3 Nf6 4.
Bg5 dxe4 5. Nxe4 Be7 6. Bxf6 gxf6 7. c3 f5 8. Ng3 c5 9. dxc5 Bxc5 10. Bb5+ Bd7 11.
Qe2 Qb6 12. Bxd7+ Nxd7 13. Nxf5 O-O-O 14. Ng3 Ne5 15. Qxe5 Bxf2+ 16. Kf1 Qxb2 17. Re1 Bxe1 18. Qxe1 Qc2 19. N1e2 Rd1 20. Kf2 Rhd8 21. h4 Rxe1 22. Rxe1 Rd1 23. Rxd1 Qxd1 24. h5 Qa1 25. Ne4 Qxa2 26.
Nd6+ Kc7 27. Nxf7 Qd5 28. Nd4 e5 29. Nxe5 Qxe5 30. h6 Qf6+ 31. Ke2 Qxh6 32. g4 Qg6 33. Kf3 a5 34. g5 a4 35. Kf4 Kb6 36. Nf3 a3 37.
Ne5 a2 0-1

[Event "*** Titled Tuesday 3|2 Blitz"]
[Site "Chess.com"]
[Date "2016.02.02"]
[Round "8"]
[White "RamonManon0g"]
[Black "Viaje"]
[Result "0-1"]
[WhiteElo "2108"]
[BlackElo "2111"]
[TimeControl "180+2"]
[EndTime "12:44:48 PST"]
[Termination "Viaje won by resignation"]

1. d4 Nf6 2. Bg5 c6 3. Bxf6 exf6 4. c4 Qb6 5. b3 Bb4+ 6. Nd2 Qxd4 7. Rc1 Bxd2+ 8. Qxd2 Qxd2+ 9. Kxd2 d6 10. e4 a5 11. f4 Na6 12. Nf3 Bd7 13. Bd3 Nc5 14.
Bb1 Kd8 15. Kc3 Kc7 16. Rcd1 Rhe8 17. Rhe1 Re7 18. e5 fxe5 19. fxe5 dxe5 20. Rxe5 Rxe5 21.
Nxe5 Be6 22. a3 Rd8 23. Re1 h6 24. Bc2 b5 25. b4 axb4+ 26. axb4 Nd7 27. c5 Nxe5 28.
Rxe5 Ra8 29. h3 Ra3+ 30. Kb2 Rg3 31. Re2 Kd7 32. Be4 Rb3+ 33. Kc2 Rxb4 34. Rd2+ Kc7 35.
Rd6 Rc4+ 36. Kd2 Rxc5 37. Rd3 b4 38. Rd4 b3 39. Rb4 Re5 40. Bd3 c5 41. Rb5 Kc6 42. Rb8 c4 43. Bb1 Kc5 44. Ra8 Kd4 45. Rd8+ Rd5 46. Ra8 c3+ 47. Kc1 c2 48. Bxc2 bxc2 49. Kxc2 Ke3 50. Ra3+ Kf2 51. g4 Kg2 52. Re3 g6 53. Kc3 Ra5 54. Kd4 Ra2 55. Ke5 Rf2 56. Kd6 Rf3 57. Re2+ Kxh3 58. g5 hxg5 59. Ke7 g4 0-1

[Event "*** Titled Tuesday 3|2 Blitz"]
[Site "Chess.com"]
[Date "2016.02.02"]
[Round "8"]
[White "rikyshi"]
[Black "alturas_pacificas"]
[Result "0-1"]
[WhiteElo "2056"]
[BlackElo "2039"]
[TimeControl "180+2"]
[EndTime "12:44:59 PST"]
[Termination "alturas_pacificas won by checkmate"]

1. d4 d5 2. c4 c6 3. Nc3 Nf6 4. cxd5 cxd5 5. Nf3 Nc6 6. Bg5 Ne4 7. Bf4 Qa5 8. Qb3 g5 9. Be5 f6 10. Bg3 g4 11.
Qxd5 Nxc3 12. Qxa5 Nxa5 13. bxc3 gxf3 14. gxf3 Bd7 15.
e4 Rc8 16. Kd2 Bh6+ 17. f4 e5 18. dxe5 fxe5 19. Be2 exf4 20. Bh5+ Kf8 21. Bh4 Nc4+ 22. Kd3 Ne5+ 23. Kd4 Bg7 24. Kd5 Rc6 25. Rhg1 Be6+ 26. Kd4 Rc4# 0-1

[Event "*** Titled Tuesday 3|2 Blitz"]
[Site "Chess.com"]
[Date "2016.02.02"]
[Round "8"]
[White "stefanodinn"]
[Black "VMikhalevski"]
[Result "0-1"]
[WhiteElo "2143"]
[BlackElo "2439"]
[TimeControl "180+2"]
[EndTime "12:45:02 PST"]
[Termination "VMikhalevski won by resignation"]

1. Nf3 Nf6 2. c4 g6 3. g3 Bg7 4. Bg2 O-O 5. O-O d5 6. cxd5 Nxd5 7. Nc3 Nc6 8. d4 Nb6 9. e3 Re8 10. h3 e5 11. dxe5 Nxe5 12. Nxe5 Qxd1 13. Rxd1 Bxe5 14.
e4 Bd7 15. Be3 Bc6 16. Bd4 Nc4 17. Bxe5 Nxe5 18. b3 g5 19. Rd4 Rad8 20. Rad1 Rxd4 21. Rxd4 Kg7 22. f3 h5 23. Kf2 Ng6 24. Nd5 Rd8 25. Ke3 Bxd5 26. exd5 h4 27. f4 gxf4+ 28. gxf4 Kf6 29.
Be4 Ne7 30. Rc4 Rd7 31. b4 Nc8 32. a4 Nd6 33. Rd4 Re7 34. Kf3 Re8 35. Bc2 Rg8 36. Kf2 Rg3 37. Rd3 Ne4+ 38. Ke2 Nc3+ 39. Kd2 Rxd3+ 40.
Kxd3 Nxd5 0-1

[Event "*** Titled Tuesday 3|2 Blitz"]
[Site "Chess.com"]
[Date "2016.02.02"]
[Round "8"]
[White "Boryboy"]
[Black "BillieKimbah"]
[Result "0-1"]
[WhiteElo "2502"]
[BlackElo "2431"]
[TimeControl "180+2"]
[EndTime "12:45:10 PST"]
[Termination "BillieKimbah won by resignation"]

1. d4 d5 2. Nf3 Nf6 3. c4 c6 4. e3 Bf5 5. Nc3 e6 6. Nh4 Be4 7. f3 Bg6 8. Qb3 Qc7 9. Bd2 Be7 10. Nxg6 hxg6 11. g3 Nbd7 12. O-O-O dxc4 13. Bxc4 a6 14. Be2 b5 15. Kb1 c5 16. Ne4 c4 17. Qc2 Nd5 18.
Rc1 O-O 19. h4 f5 20. h5 g5 21. h6 g6 22. Nc3 Kh7 23. g4 Nxc3+ 24. Bxc3 Rac8 25.
gxf5 exf5 26. e4 b4 27. Bd2 c3 28. bxc3 bxc3 29. Qxc3 Qg3 30. Qxc8 Rxc8 31. Rxc8 Qf2 32. Re1 fxe4 33. fxe4 Qxd4 34. Bc3 Qxe4+ 35. Kb2 Qb7+ 36. Kc2 Qxc8 37. Rf1 Bf6 0-1

[Event "*** Titled Tuesday 3|2 Blitz"]
[Site "Chess.com"]
[Date "2016.02.02"]
[Round "8"]
[White "stepanosinovsky"]
[Black "GMHess"]
[Result "0-1"]
[WhiteElo "2277"]
[BlackElo "2473"]
[TimeControl "180+2"]
[EndTime "12:45:14 PST"]
[Termination "GMHess won on time"]

1. e4 g6 2. d4 Bg7 3. Be3 c6 4. Nc3 d6 5. Nge2 Nf6 6. f3 O-O 7. Qd2 e5 8. O-O-O Nbd7 9. Kb1 Qe7 10. g4 Nb6 11. Ng3 Nfd7 12. d5 c5 13. h4 f6 14. g5 f5 15. exf5 gxf5 16. f4 exf4 17. Bxf4 Ne5 18. h5 Nbc4 19. Qc1 b5 20. g6 b4 21.
Nce2 Ng4 22. Nd4 Nxb2 23. Ne6 Bxe6 24. dxe6 Nxd1 0-1